 Dungeon Crawl Stone Soup version 0.32-a0-411-g744942f433 (webtiles) character file.

Game seed: 2242057038072921275

985 dialectric the Trooper (level 8, -3/57 HPs)
             Began as a Coglin Gladiator on Feb 20, 2024.
             Was a Follower of Hepliaklqana.
             Incinerated by a bombardier beetle (5 damage)
             ... with a burning spray
             ... on level 5 of the Dungeon.
             The game lasted 00:05:20 (3626 turns).

dialectric the Trooper (Coglin Gladiator)           Turns: 3626, Time: 00:05:21

Health: -3/57      AC:  4    Str: 17    XL:     8   Next: 18%
Magic:  8/8        EV: 13    Int:  8    God:    Hepliaklqana [*.....]
Gold:   318        SH:  0    Dex: 15    Spells: 7/7 levels left

rFire   . . .        a - +0 trident {Esmond}
rCold   . . .        o - +0 mace (protect) {Hachiro}
rNeg    . . .        b - +0 leather armour
rPois   .            c - +0 helmet
rElec   .            (no cloak)
rCorr   .            (no gloves)
SInv    .            (no boots)
Will    .....        (no amulet)
Stlth   +            (no ring)
HPRegen 0.29/turn    (no ring)
MPRegen 0.11/turn

%: no passive effects
@: on fire, glowing
A: reduced essence, off-hand wielding, slow wielding, warmup strikes, legs
shutdown
a: Renounce Religion, Recall Ancestor, Ancestor Identity


You were on level 5 of the Dungeon.
You worshipped Hepliaklqana.
Hepliaklqana was aware of your devotion.
You visited 1 branch of the dungeon, and saw 5 of its levels.

You collected 318 gold pieces.

Inventory:

Hand Weapons
 a - a +0 trident (weapon) {Esmond}
 o - a +0 mace of protection (offhand) {Hachiro}
 r - a +0 dagger
 y - a +0 scythe of protection
Missiles
 d - 4 throwing nets (quivered)
 e - a javelin
 k - 4 poisoned darts
 x - 4 darts of dispersal
Armour
 b - a +0 leather armour (worn)
 c - a +0 helmet (worn)
 l - a +0 helmet
Wands
 q - a wand of quicksilver (8)
 u - a wand of mindburst (13)
 v - a wand of digging (4)
 A - a wand of flame (20)
Scrolls
 f - a scroll of immolation {unknown}
 h - 4 scrolls of identify
 i - a scroll of blinking {unknown}
 j - 2 scrolls of teleportation {unknown}
 m - a scroll of revelation {unknown}
 n - a scroll of enchant armour {unknown}
 t - 2 scrolls of vulnerability {unknown}
Potions
 g - a potion of heal wounds
 p - 2 potions of curing {unknown}
 s - a potion of lignification {unknown}
 w - a potion of magic {unknown}
 z - a potion of haste {unknown}
 B - a potion of brilliance {unknown}


   Skills:
 * Level 5.9 Fighting
 + Level 4.9 Polearms
 - Level 2.0 Throwing
 * Level 3.8 Armour
 - Level 4.0 Dodging


You had 7 spell levels left.
You didn't know any spells.
Your spell library was empty.

Dungeon Overview and Level Annotations

Branches:
Dungeon (5/15)
 Temple: D:4-7

Altars:
Ashenzari
Hepliaklqana
Sif Muna
Vehumet


Innate Abilities, Weirdness & Mutations

Your life essence is reduced to manifest your ancestor. (-10% HP)
You can wield a second weapon in your off-hand.
It takes a long time for you to wield or remove held weapons.
Your first few attacks do less damage.
Attacking and casting redirects power from your legs.


Message History

You puncture the bombardier beetle with your +0 trident!
You kill the bombardier beetle!
The liquid fire burns you!
Unknown command.
Unknown command.
You cannot move.
Unknown command.
You cannot move.
You are on fire!
You are on fire!
No target in view!
You are on fire!
No target in view!
You are on fire!
No target in view!
The liquid fire burns you!
You are no longer unable to travel.
You shake off some of the fire as you move.
The liquid fire burns you! The liquid fire burns you!
The liquid fire burns you!
You are on fire!
You are on fire!
You are on fire!
You are on fire!
The liquid fire burns you! The liquid fire burns you!
The liquid fire burns you! The liquid fire burns you!
The liquid fire burns you!
* * * LOW HITPOINT WARNING * * *
The liquid fire burns you!
* * * LOW HITPOINT WARNING * * *
The liquid fire burns you!
* * * LOW HITPOINT WARNING * * *
The liquid fire burns you!
* * * LOW HITPOINT WARNING * * *
The liquid fire burns you!
You die...
Hepliaklqana delivers you to your ancestors.

###.####) #.###.) #...÷.#
#.##########..##.#
#.................
##########..#####..##..
#.....)##..######..####
##.##.....#....#
#.@...###.#.##.####
#>....†R.................
###.####.##.#####........
..<..... ####.#.##
#.####.#..# #.#... #.
.....# #.#.## # ... ...
..#.# ###(## ###.# #...


You could see the friendly Cekioxtyr the ancestor.

Vanquished Creatures
  Sigmund (D:4)
  2 ogres (D:5)
  Blork the orc (D:4)
  A scorpion (D:5)
  A gnoll bouda (D:5)
  A hound (D:4)
  A bombardier beetle (D:5)
  2 orc wizards (D:4)
  A sleepcap (D:4)
  2 iguanas (D:5)
  2 gnolls (D:5)
  6 adders
  An ufetubus (D:5)
  3 dart slugs
  2 ribbon worms (D:2)
  5 orcs
  4 bats
  8 endoplasms
  2 giant cockroaches
  6 goblins
  7 hobgoblins
  2 jackals (D:4)
  8 kobolds
  5 ball pythons
  4 frilled lizards
  3 rats (D:1)
81 creatures vanquished.

Vanquished Creatures (collateral kills)
  A scorpion (D:5)
  2 gnolls (D:5)
  An adder (D:5)
  An ufetubus (D:5)
  2 orcs (D:5)
7 creatures vanquished.

Vanquished Creatures (others)
  An ancestor (D:5)
1 creature vanquished.

Grand Total: 89 creatures vanquished

Notes
Turn   | Place    | Note
-------+----------+-------------------------------------------
     0 | D:1      | dialectric the Coglin Gladiator began the quest for the
                  | Orb.
     0 | D:1      | Reached XP level 1. HP: 16/16 MP: 1/1
    57 | D:1      | Reached XP level 2. HP: 8/22 MP: 2/2
   323 | D:1      | Reached XP level 3. HP: 28/28 MP: 3/3
   806 | D:2      | Reached XP level 4. HP: 25/34 MP: 4/4
  1140 | D:2      | Reached skill level 3 in Fighting
  1667 | D:3      | Reached XP level 5. HP: 34/41 MP: 5/5
  1674 | D:3      | Found a hazy altar of Hepliaklqana.
  1674 | D:3      | Found a shimmering blue altar of Sif Muna.
  1950 | D:3      | Became a worshipper of Hepliaklqana the Forgotten
  2427 | D:4      | Found a broken altar of Ashenzari.
  2497 | D:4      | Reached XP level 6. HP: 48/48 MP: 6/6
  2638 | D:4      | Reached skill level 4 in Fighting
  2756 | D:4      | Reached * piety under Hepliaklqana
  2774 | D:4      | Noticed Blork the orc
  2785 | D:4      | Killed Blork the orc
  2786 | D:4      | Reached skill level 1 in Armour
  2835 | D:4      | Noticed Sigmund
  2858 | D:4      | Killed Sigmund
  2859 | D:4      | Reached XP level 7. HP: 14/49 MP: 7/7
  3063 | D:5      | Entered Level 5 of the Dungeon
  3115 | D:5      | Reached skill level 5 in Fighting
  3344 | D:5      | Found a radiant altar of Vehumet.
  3357 | D:5      | Reached XP level 8. HP: 33/56 MP: 8/8
  3625 | D:5      | HP: 2/57 [burnt (3)]
  3626 | D:5      | Incinerated by a bombardier beetle

Illustrated notes

Levels and vault maps discovered:
D:1:      tarquinn_simple_flora_water_e, layout_loops_ring
D:2:      layout_basic
D:3:      layout_rooms, jmf_multi_god_temple
D:4:      layout_loops_cross, mainiacjoe_overflow_tiny_flanked, uniq_sigmund,
          uniq_blork_the_orc
D:5:      layout_basic, vehumet_altar_wand_db

Skill      XL: |  1  2  3  4  5  6  7 |
---------------+----------------------+-----
Throwing       | 2 |  2.0
Dodging        | 3 4 |  4.0
Polearms       | 3 4 |  4.9
Fighting       | 3 4 5 |  5.9
Armour         | 2 3 |  3.8

Action                     |  1- 3 |  4- 6 |  7- 9 || total
---------------------------+-------+-------+-------++-------
  Melee: Trident           |    76 |   136 |    76 ||   288
         Mace              |       |    31 |    54 ||    85
    Use: Scroll            |       |     1 |       ||     1
         Potion            |       |     1 |       ||     1
   Stab: Sleeping          |       |     3 |       ||     3
         Distracted        |       |       |     2 ||     2
 Armour: Leather armour    |    28 |    71 |    57 ||   156
  Dodge: Dodged            |    32 |    70 |    64 ||   166

Table legend: (Time is in decaauts)
 A = Elapsed time spent in this place.
 B = Non-inter-level travel time spent in this place.
 C = Inter-level travel time spent in this place.
 D = Time resting spent in this place.
 E = Time spent auto-exploring this place.
 F = Levels seen in this place.
 G = Mean time per level.
                   A        B        C        D        E       F      G
               +--------+--------+--------+--------+--------+-----+--------+
         Total |   3673 |   3538 |    135 |      0 |   2661 |   5 |  734.6 |
       Dungeon |   3673 |   3538 |    135 |      0 |   2661 |   5 |  734.6 |
               +--------+--------+--------+--------+--------+-----+--------+

Top non-repeatable levels by time:
     D:4: 895 daAuts
     D:1: 789 daAuts
     D:2: 785 daAuts
     D:3: 623 daAuts
     D:5: 578 daAuts
